Map: Chain of Ascension

Players

MattBarry

  • Race: Terran Terran
  • Spawn Location: 11:00

MattBarry

  • Race: Zerg Zerg
  • Spawn Location: 11:00

VOD

Have the link to the VOD?

Description

Time

  • Played on: Dec. 25, 2022, 2:57 a.m.
  • Length: 25:09
Show
View Real Time Build Order
Export as new Build Order

MattBarry Terran 

Build Orders:  

Get SALT Encoding   

  12  0:02  SCV  
  13  0:16  SCV  
  14  0:25  Supply Depot  
  14  0:31  SCV  
  15  0:55  Factory, SCV  
  16  1:08  SCV, Refinery  
  17  1:22  SCV  
  17  1:25  Supply Depot  
  18  1:35  SCV  
  19  1:49  SCV  
  20  1:58  Factory Tech Reactor  
  20  2:02  SCV  
  21  2:16  SCV  
  21  2:19  Hellbat x2  
  22  2:27  Refinery  
  16  2:30  SCV  
  26  2:36  Supply Depot  
  27  2:43  SCV  
  28  2:57  SCV  
  28  2:58  Goliath  
  31  3:10  SCV  
  31  3:17  Goliath  
  34  3:37  SCV  
  34  3:38  Supply Depot  
  35  3:44  Goliath  
  37  4:02  Hellbat  
  37  4:09  SCV  
  40  4:13  Supply Depot  
  40  4:26  SCV  
  41  4:30  Hellbat, Starport  
  43  4:54  Factory  
  43  4:57  Supply Depot  
  43  5:24  Perdition Turret  
  43  5:31  Starport Tech Reactor  
  43  5:50  Engineering Bay  
  43  5:57  Goliath x2  
  47  6:10  SCV  
  47  6:11  Science Vessel  
  47  6:12  Science Vessel  
  47  6:15  Factory Tech Reactor  
  38  6:39  SCV  
  39  6:45  Spinning Dizzy  
  39  6:50  Goliath  
  39  6:51  Goliath  
  39  6:59  Hellbat x2  
  47  7:14  Improved Nano-Repair  
  47  7:25  Infernal Plating  
  47  7:52  Infernal Pre-Igniter  
  47  8:00  Hellbat x2  
  51  8:43  SCV  
  52  8:52  Armory  
  52  8:55  Command Center  
  52  9:09  Siege Tank  
  55  9:17  Siege Tank  
  58  9:29  Ares-Class Targeting System  
  56  10:03  Hellbat x3  
  56  10:04  Hellbat  
  58  10:22  SCV  
  59  10:35  SCV  
  59  10:36  Siege Tank  
  59  10:37  Siege Tank  
  66  10:54  Hellbat x2  
  70  11:14  Hellbat x2  
  70  11:22  SCV x2  
  76  11:32  Supply Depot  
  76  11:34  Supply Depot  
  76  11:35  SCV  
  76  11:36  SCV  
  70  12:06  Hellbat x2  
  70  12:07  Hellbat x2  
  70  12:19  Science Vessel  
  80  12:20  Science Vessel  
  80  12:29  Spinning Dizzy  
  82  12:31  Spinning Dizzy  
  82  12:37  Devastation Turret  
  82  12:49  Siege Tank x4  
  82  12:52  Perdition Turret  
  78  13:14  SCV x2  
  78  13:15  Hellbat x3  
  78  13:16  Hellbat  
  78  13:18  Refinery  
  80  13:20  Refinery  
  80  13:28  SCV  
  89  13:33  Siege Tank  
  89  13:34  Siege Tank x3  
  89  14:01  Supply Depot x2  
  89  14:04  SCV x2  
  89  14:05  Supply Depot  
  89  14:31  Thor  
  95  14:53  Goliath  
  95  14:54  Goliath x2  
  97  15:19  Goliath  
  99  15:34  Goliath x2  
  99  15:35  Goliath  
  105  15:47  Factory, Devastation Turret  
  105  15:51  SCV x2  
  105  15:59  Supply Depot  
  107  16:02  Supply Depot  
  107  16:10  Thor  
  107  16:18  Supply Depot  
  113  16:21  Thor  
  113  16:27  Supply Depot  
  119  16:33  Thor  
  125  16:54  Thor  
  81  18:22  Thor  
  81  18:23  Thor x3  
  105  18:32  Factory Tech Reactor  
  105  18:41  Factory  
  105  18:46  Advanced Optics  
  105  18:48  Armory  
  105  18:50  Multi-Lock Weapons System  
  105  18:54  Maelstrom Rounds  
  105  19:04  Structure Armor  
  105  19:08  Thor  
  111  19:14  Thor  
  117  19:24  SCV x2  
  119  19:37  Goliath  
  119  19:38  Goliath  
  123  19:45  Goliath  
  125  19:56  Terran Vehicle and Ship Weapons Level 1  
  125  20:03  Goliath  
  127  20:38  Goliath x4  
  135  20:40  Goliath  
  135  20:46  Terran Vehicle And Ship Armor Level 1  
  137  21:12  Goliath x4  
  145  21:30  Goliath x2  
  145  22:40  Thor x3  
  145  22:44  Thor  
  101  23:05  Thor  
  107  23:16  Thor  
  113  23:22  Hellbat x3  
  113  23:26  Hellbat  
  117  23:53  Thor  
  117  23:59  Thor  
  129  24:17  Hellbat  
  129  24:18  Hellbat x3  
Show
View Real Time Build Order
Export as new Build Order

MattBarry Zerg 

Build Orders:  

Get SALT Encoding   

  12  0:03  Drone  
  13  0:19  Overlord  
  13  0:31  Drone  
  14  0:45  Drone  
  15  0:51  Drone  
  15  0:53  Drone x3  
  19  1:10  Roach Warren  
  19  1:15  Drone  
  19  1:18  Drone  
  20  1:31  Extractor  
  19  1:41  Drone x2  
  19  1:44  Overlord  
  21  2:03  Drone  
  22  2:22  Drone x2  
  22  2:24  Drone x2  
  22  2:28  Drone  
  27  2:42  Extractor  
  27  2:47  Evolution Chamber  
  25  2:51  Evolution Chamber  
  24  3:33  Zerg Missile Weapons Level 1  
  24  3:38  Zerg Ground Armor Level 1  
  24  4:00  Drone  
  24  4:02  Roach, Overlord  
  24  4:03  Roach  
  29  4:21  Drone  
  29  4:23  Overlord  
  29  4:27  Roach x2  
  29  4:28  Roach x2  
  38  4:30  Glial Reconstitution  
  38  4:53  Hatchery  
  38  4:59  Roach x2  
  41  5:34  Roach x2  
  41  5:36  Overlord  
  39  6:20  Hydriodic Bile  
  37  6:50  Roach  
  37  6:51  Roach x6  
  37  6:52  Roach  
  37  6:59  Roach  
  44  7:10  Lair  
  43  7:16  Roach  
  45  7:21  Drone  
  45  7:25  Drone  
  47  7:30  Drone  
  48  7:46  Roach x5  
  48  7:47  Roach x4  
  48  8:25  Zerg Ground Armor Level 2  
  48  8:28  Tunneling Claws  
  48  8:35  Roach Warren  
  47  9:04  Roach x5  
  47  9:05  Roach  
  59  9:22  Spine Crawler  
  59  9:27  Bloated Bile Ducts  
  58  9:30  Overlord  
  50  10:19  Roach x3  
  63  10:20  Roach x2  
  40  10:36  Zerg Missile Weapons Level 2  
  40  10:44  Roach x3  
  40  10:45  Roach  
  36  11:11  Brutalisk  
  36  11:28  Drone  
  36  11:29  Roach  
  70  11:30  Roach x5  
  39  11:36  Drone  
  50  12:26  Drone  
  50  12:28  Roach x3  
  50  12:29  Overlord  
  57  12:30  Roach, Overlord  
  59  12:52  Roach  
  59  13:13  Drone x3  
  59  13:14  Brutalisk, Drone x2  
  59  13:15  Drone x2  
  59  13:16  Overlord x2  
  59  13:17  Roach  
  64  14:40  Drone x2  
  64  14:41  Roach, Drone x2  
  64  14:42  Roach x3  
  64  14:43  Roach x3, Overlord  
  82  15:01  Queen  
  82  15:02  Infestation Pit  
  82  15:03  Queen  
  80  15:10  Overseer  
  84  15:55  Roach  
  84  16:17  Brutalisk  
  84  16:58  Queen x2  
  84  17:00  Hatchery  
  83  17:21  Roach x16  
  77  17:43  Brutalisk x3  
  63  18:31  Drone x2  
  63  18:32  Drone x4  
  69  18:49  Drone  
  70  18:50  Drone, Overlord  
  70  18:52  Swarm Host x5  
  70  18:53  Swarm Host x4  
  98  19:04  Overlord  
  98  19:09  Extractor  
  97  20:26  Overlord x2  
  97  20:31  Hive  
  97  20:48  Roach  
  97  20:49  Roach  
  97  20:51  Roach x4  
  97  20:52  Roach x6  
  97  20:53  Roach x2  
  121  21:10  Brutalisk  
  121  21:11  Brutalisk  
  117  21:31  Nydus Network  
  117  21:38  Nydus Network, Overlord x3  
  115  21:44  Swarm Host  
  115  21:45  Swarm Host x3  
  127  22:19  Extractor  
  126  22:23  Drone  
  126  22:25  Drone x3  
  126  22:26  Drone x3  
  126  22:27  Drone x2  
  136  22:30  Drone, Overlord x3  
  135  22:32  Swarm Host  
  137  22:57  Queen x2  
  137  22:58  Queen  
  143  23:21  Swarm Host  
  143  23:22  Swarm Host  
  149  24:00  Spine Crawler  
  149  24:09  Spine Crawler  
  147  24:11  Spine Crawler  
  147  24:15  Spore Crawler  
  147  24:19  Drone  
  146  24:20  Drone x2  
  146  24:21  Drone  
  146  24:22  Swarm Host x3  
Tags
 
Add a new tag
Caveats
  • Supply blocks, unpowered buildings, or Contaminate may cause inaccurate times.
  • Supply counts are checked every 10 seconds.